 Dungeon Crawl Stone Soup version 0.21-a0-352-g5b8f553 (webtiles) character file.

158 tidbits the Fighter (level 5, -1/54 HPs)
             Began as a Gnoll Wanderer on Oct 10, 2017.
             Killed by nerve-wracking pain
             ... invoked by a shadow imp
              (11 damage)
             ... on level 5 of the Dungeon.
             The game lasted 00:05:00 (692 turns).

tidbits the Fighter (Gnoll Wanderer)                 Turns: 692, Time: 00:05:01

Health: -1/54      AC:  2    Str: 16    XL:     5   Next: 40%
Magic:  5/7        EV: 13    Int: 14    God:    Xom [..*...]
Gold:   68         SH:  0    Dex: 14    Spells: 6/6 levels left

rFire    . . .     SeeInvis .   a - +2 quarterstaff
rCold    . . .     Gourm    .   (shield currently unavailable)
rNeg     . . .     Faith    .   d - +0 robe
rPois    .         Spirit   .   (no helmet)
rElec    .         Reflect  .   (no cloak)
rCorr    .         Harm     .   (no gloves)
MR       .....                  (no boots)
Stlth    +++.......             (no amulet)
HPRegen  0.18/turn              (no ring)
MPRegen  0.10/turn              (no ring)

@: no status effects
A: distributed training, fangs 1, strong nose
a: Renounce Religion


You were on level 5 of the Dungeon.
You worshipped Xom.
You were a toy of Xom.
You were not hungry.

You visited 1 branch of the dungeon, and saw 5 of its levels.

You collected 68 gold pieces.

Inventory:

Hand Weapons
 a - a +2 quarterstaff (weapon)
 e - a +0 dagger
Missiles
 m - 28 arrows
Armour
 c - a +0 shield
 d - a +0 robe (worn)
Scrolls
 b - 3 scrolls of teleportation
 h - a scroll of random uselessness {unknown}
 i - a scroll of blinking {unknown}
 j - 3 scrolls of identify {unknown}
 l - 2 scrolls of remove curse {unknown}
 n - a scroll of noise {unknown}
Potions
 g - a potion of resistance {unknown}
 k - a potion of brilliance {unknown}
Comestibles
 f - a bread ration


   Skills:
 + Level 10.4 Fighting
 + Level 1.4 Short Blades
 + Level 1.4 Long Blades
 + Level 1.4 Axes
 + Level 1.4 Maces & Flails
 + Level 1.4 Polearms
 + Level 2.9 Staves
 + Level 1.4 Slings
 + Level 1.4 Bows
 + Level 1.4 Crossbows
 + Level 1.4 Throwing
 + Level 1.4 Armour
 + Level 2.9 Dodging
 + Level 4.4 Stealth
 + Level 2.9 Shields
 + Level 1.4 Unarmed Combat
 + Level 1.4 Spellcasting
 + Level 1.4 Conjurations
 + Level 1.4 Hexes
 + Level 1.4 Charms
 + Level 1.4 Summonings
 + Level 1.4 Necromancy
 + Level 1.4 Translocations
 + Level 1.4 Transmutations
 + Level 1.4 Fire Magic
 + Level 1.4 Ice Magic
 + Level 1.4 Air Magic
 + Level 1.4 Earth Magic
 + Level 1.4 Poison Magic
 + Level 1.4 Invocations
 + Level 1.4 Evocations


You had 6 spell levels left.
You didn't know any spells.

Dungeon Overview and Level Annotations

Branches:
Dungeon (5/15)
 Temple: D:4-7

Altars:
Elyvilon
Xom


Innate Abilities, Weirdness & Mutations

Your experience applies equally to all skills.
You have very sharp teeth.
Your uncanny sense of smell can sniff out nearby items.


Message History

Found a scroll labeled WUSASU RARCHET.
A frilled lizard comes into view.
A giant cockroach comes into view.
An adder comes into view.
Found a stone staircase leading down.
You see here a scroll labeled WUSASU RARCHET.
The helpless frilled lizard fails to defend itself.
You sock the frilled lizard!
You kill the frilled lizard!
The giant cockroach misses you.
You hit the giant cockroach.
The giant cockroach is almost dead.
The giant cockroach waves its antennae.
The giant cockroach bites you but does no damage.
You sock the giant cockroach!
You kill the giant cockroach!
No target in view!
No target in view!
No target in view!
No target in view!
The adder hisses angrily.
The adder bites you.
You barely miss the adder. Your bite misses the adder. The adder bites you.
You are poisoned.
The adder poisons you! The adder misses you.
You hit the adder.
The adder is moderately wounded.
You feel sick. The adder barely misses you. The adder closely misses you.
You sock the adder!
You kill the adder!
No target in view!
No target in view!
No target in view!
You feel sick.
You feel sick.
n - a scroll labeled WUSASU RARCHET You feel sick.
You can't go down here!
There is a stone staircase leading down here.
Unknown command.
You climb downwards.
An ogre and a skeleton come into view.
You feel sick.
The ogre shouts!
Found a ring mail.
There is a stone staircase leading up here.
You hit the howler monkey skeleton.
The howler monkey skeleton is lightly damaged.
The howler monkey skeleton hits you.
The ogre moves out of view.
You hit the howler monkey skeleton.
The howler monkey skeleton is moderately damaged.
The howler monkey skeleton closely misses you.
You hit the howler monkey skeleton.
The howler monkey skeleton is heavily damaged.
The howler monkey skeleton barely misses you.
You sock the howler monkey skeleton! You bite the howler monkey skeleton.
The howler monkey skeleton is almost destroyed.
You feel sick.
You are no longer poisoned.
The howler monkey skeleton barely misses you.
You hit the howler monkey skeleton.
You destroy the howler monkey skeleton!
The ogre hits you with a giant club!
* * * LOW HITPOINT WARNING * * *
You are too injured to fight recklessly!
You are too injured to fight recklessly!
You are too injured to fight recklessly!
You are too injured to fight recklessly!
You are too injured to fight recklessly!
You are too injured to fight recklessly!
You hit the ogre.
The ogre is lightly wounded.
The ogre closely misses you.
You sock the ogre!
The ogre is moderately wounded.
The ogre closely misses you.
You completely miss the ogre.
The ogre is moderately wounded.
The ogre closely misses you.
You sock the ogre!
The ogre is almost dead.
The ogre hits you with a giant club.
* * * LOW HITPOINT WARNING * * *
You sock the ogre!
You kill the ogre!
You have reached level 5!
Things that are here:
a giant club; an ogre corpse A shadow imp comes into view.
Found a scroll labeled ZUKUSM IHOREB and a metal-bound book.
Found a stone staircase leading down.
The shadow imp shouts!
You barely miss the shadow imp. The shadow imp gestures at you.
Pain shoots through your body!
* * * LOW HITPOINT WARNING * * *
The shadow imp gestures at you. Pain shoots through your body!
You die...
Xom yawns loudly!

... #.....# ...
##.....# ....
+...... # .....
#....# .#
.....##....######..#
...................#
............).<....#
....##....##......#
### #@...##......#
#5...#.......# ∆
....>.+.....[.#
∆.....?.#.......#
:##....##......# ..
#....##......# ..
#..... .. .......


You could see a shadow imp.

Vanquished Creatures
  An ogre (D:5)
  A howler monkey skeleton (D:5)
  3 adders
  An adder skeleton (D:4)
  A worm (D:2)
  A dart slug (D:2)
  A leopard gecko (D:1)
  An orc (D:2)
  4 giant cockroaches
  3 goblins (D:1)
  4 hobgoblins
  A quokka (D:3)
  4 bats (D:1)
  4 frilled lizards
  5 kobolds
  2 rats (D:1)
37 creatures vanquished.

Notes
Turn   | Place    | Note
-------+----------+-------------------------------------------
     0 | D:1      | Reached skill level 10 in Fighting
     0 | D:1      | tidbits the Gnoll Wanderer began the quest for the Orb.
     0 | D:1      | tidbits set off with: a +2 quarterstaff, a scroll of teleportation, a +0 shield, a +0 robe, a +0 dagger, a bread ration
     0 | D:1      | Reached XP level 1. HP: 28/28 MP: 1/1
   136 | D:1      | Reached XP level 2. HP: 35/36 MP: 2/2
   365 | D:2      | Reached XP level 3. HP: 30/42 MP: 3/3
   381 | D:2      | Found a faded altar of an unknown god.
   393 | D:2      | Became a worshipper of Xom of Chaos
   507 | D:2      | Reached skill level 1 in Short Blades
   507 | D:2      | Reached skill level 1 in Long Blades
   507 | D:2      | Reached skill level 1 in Axes
   507 | D:2      | Reached skill level 1 in Maces & Flails
   507 | D:2      | Reached skill level 1 in Polearms
   507 | D:2      | Reached skill level 1 in Slings
   507 | D:2      | Reached skill level 1 in Bows
   507 | D:2      | Reached skill level 1 in Crossbows
   507 | D:2      | Reached skill level 1 in Throwing
   507 | D:2      | Reached skill level 1 in Armour
   507 | D:2      | Reached skill level 1 in Unarmed Combat
   507 | D:2      | Reached skill level 1 in Spellcasting
   507 | D:2      | Reached skill level 1 in Conjurations
   507 | D:2      | Reached skill level 1 in Hexes
   507 | D:2      | Reached skill level 1 in Charms
   507 | D:2      | Reached skill level 1 in Summonings
   507 | D:2      | Reached skill level 1 in Necromancy
   507 | D:2      | Reached skill level 1 in Translocations
   507 | D:2      | Reached skill level 1 in Transmutations
   507 | D:2      | Reached skill level 1 in Fire Magic
   507 | D:2      | Reached skill level 1 in Ice Magic
   507 | D:2      | Reached skill level 1 in Air Magic
   507 | D:2      | Reached skill level 1 in Earth Magic
   507 | D:2      | Reached skill level 1 in Poison Magic
   507 | D:2      | Reached skill level 1 in Invocations
   507 | D:2      | Reached skill level 1 in Evocations
   563 | D:3      | Found a white marble altar of Elyvilon.
   618 | D:4      | Reached XP level 4. HP: 29/48 MP: 5/5
   621 | D:4      | XOM: divination: detect creatures
   673 | D:5      | Entered Level 5 of the Dungeon
   673 | D:5      | Noticed an ogre
   684 | D:5      | Killed an ogre
   684 | D:5      | Reached XP level 5. HP: 16/54 MP: 5/7
   692 | D:5      | Killed from afar by a shadow imp

Vault maps used:
D:1:      dpeg_arrival_erosion, serial_forest, infiniplex_forest_clump_double,
          infiniplex_forest_lined_1, infiniplex_forest_clump_small,
          infiniplex_forest_clump_medium, infiniplex_forest_clump_double
D:2:      chequers_ecumenical_altar_simple, grunt_dithmenos_smoke_and_mirrors,
          uniq_jessica
D:3:      gammafunk_temple_overflow_wave, lemuel_doored_altar, first_bread
D:4:      minmay_temple_entry_oklob, serial_shops, nicolae_shop_trees
D:5:      vehumet_statue, gammafunk_temple_overflow_pools, minmay_door_square

Skill      XL: |  1  2  3 |
---------------+----------+-----
Fighting       | | 10.4
Short Blades   | 1 |  1.4
Long Blades    | 1 |  1.4
Axes           | 1 |  1.4
Maces & Flails | 1 |  1.4
Polearms       | 1 |  1.4
Slings         | 1 |  1.4
Bows           | 1 |  1.4
Crossbows      | 1 |  1.4
Throwing       | 1 |  1.4
Armour         | 1 |  1.4
Unarmed Combat | 1 |  1.4
Spellcasting   | 1 |  1.4
Conjurations   | 1 |  1.4
Hexes          | 1 |  1.4
Charms         | 1 |  1.4
Summonings     | 1 |  1.4
Necromancy     | 1 |  1.4
Translocations | 1 |  1.4
Transmutations | 1 |  1.4
Fire Magic     | 1 |  1.4
Ice Magic      | 1 |  1.4
Air Magic      | 1 |  1.4
Earth Magic    | 1 |  1.4
Poison Magic   | 1 |  1.4
Invocations    | 1 |  1.4
Evocations     | 1 |  1.4
Staves         | |  2.9
Dodging        | |  2.9
Stealth        | |  4.4
Shields        | |  2.9

Action                   |  1- 3 |  4- 6 || total
-------------------------+-------+-------++-------
Melee: Quarterstaff      |    69 |    17 ||    86
       Bite              |     5 |     1 ||     6
 Stab: Sleeping          |     8 |     1 ||     9
       Distracted        |     2 |       ||     2
Armor: Robe              |     7 |     1 ||     8
Dodge: Dodged            |    38 |    10 ||    48

Table legend:
 A = Spawn XP
 B = Non-spawn XP
 C = Spawn XP percentage of total XP
 D = Spawn monster count
 E = Non-spawn monster count
 F = Spawn count percentage of total count
 G = Total turns spent on level
                    A         B        C        D         E        F      G
               +---------+---------+-------+---------+---------+-------+---------
         Total |       0 |     227 |   0.0 |       0 |      37 |   0.0 |   692
               +---------+---------+-------+---------+---------+-------+---------
           D:1 |       0 |      26 |   0.0 |       0 |      17 |   0.0 |   354
           D:2 |       0 |      51 |   0.0 |       0 |      12 |   0.0 |   163
           D:3 |       0 |       3 |   0.0 |       0 |       2 |   0.0 |    97
           D:4 |       0 |      21 |   0.0 |       0 |       4 |   0.0 |    59
           D:5 |       0 |     126 |   0.0 |       0 |       2 |   0.0 |    19
               +---------+---------+-------+---------+---------+-------+---------

Table legend:
 A = Turns spent in this place as a percentage of turns spent in the entire game.
 B = Non-inter-level travel turns spent in this place as a percentage of non-inter-level travel turns spent in the entire game.
 C = Inter-level travel turns spent in this place as a percentage of turns spent in this place.
 D = Turns resting spent in this place as a percentage of non-inter-level travel turns spent in this place.
 E = Turns spent auto-exploring this place as a percentage of non-inter-level travel turns spent in this place.
 F = Non-inter-level travel turns spent in this place divided by the number of levels of this place that you've seen.
                   A       B       C       D       E      F
               +-------+-------+-------+-------+-------+----------------------
         Total | 100.0 | 100.0 |   1.9 |   0.0 |   0.0 | 135.8
       Dungeon | 100.0 | 100.0 |   1.9 |   0.0 |   0.0 | 135.8
               +-------+-------+-------+-------+-------+----------------------

Table legend:
 A = Kills in this place as a percentage of kills in entire the game.
 B = Kills by you in this place as a percentage of kills by you in the entire game.
 C = Kills by friends in this place as a percentage of kills by friends in the entire game.
 D = Other kills in this place as a percentage of other kills in the entire game.
 E = Experience gained in this place as a percentage of experience gained in the entire game.
 F = Experience gained in this place divided by the number of levels of this place that you have seen.
                   A       B       C       D       E      F
               +-------+-------+-------+-------+-------+----------------------
         Total | 100.0 | 100.0 |   N/A |   N/A | 100.0 |  45.4
       Dungeon | 100.0 | 100.0 |   N/A |   N/A | 100.0 |  45.4
               +-------+-------+-------+-------+-------+----------------------

Vault maps used:
D:1:      dpeg_arrival_erosion, serial_forest, infiniplex_forest_clump_double,
          infiniplex_forest_lined_1, infiniplex_forest_clump_small,
          infiniplex_forest_clump_medium, infiniplex_forest_clump_double
D:2:      chequers_ecumenical_altar_simple, grunt_dithmenos_smoke_and_mirrors,
          uniq_jessica
D:3:      gammafunk_temple_overflow_wave, lemuel_doored_altar, first_bread
D:4:      minmay_temple_entry_oklob, serial_shops, nicolae_shop_trees
D:5:      vehumet_statue, gammafunk_temple_overflow_pools, minmay_door_square
